 Dungeon Crawl Stone Soup version 0.30-a0-739-gea05faddec (webtiles) character file.

Game seed: 4233593432650594284

32 holysushi the Poker (level 3, 27/27 HPs)
             Began as a Demonspawn Warper on Feb 4, 2023.
             Was a Follower of Kikubaaqudgha.
             Quit the game on level 1 of the Dungeon.
             The game lasted 00:02:04 (814 turns).

holysushi the Poker (Demonspawn Warper)              Turns: 814, Time: 00:02:05

Health: 27/27      AC:  4    Str: 11    XL:     3   Next: 10%
Magic:  6/6        EV: 11    Int: 14    God:    Kikubaaqudgha [*.....]
Gold:   99         SH:  0    Dex: 14    Spells: 6/6 levels left

rFire   . . .      SeeInvis .      - Unarmed
rCold   . . .      Faith    .    (no shield)
rNeg    . . .      Spirit   .    b - +0 leather armour
rPois   .          Reflect  .    (helmet restricted)
rElec   .          Harm     .    g - +0 cloak
rCorr   .          Rampage  .    (no gloves)
Will    +....                    (no boots)
Stlth   +                        (no amulet)
HPRegen 0.24/turn                f - ring of willpower
MPRegen 0.10/turn                (no ring)

@: no status effects
A: antennae 2
a: Renounce Religion, Unearth Wretches


You were on level 1 of the Dungeon.
You worshipped Kikubaaqudgha.
Kikubaaqudgha was aware of your devotion.
You visited 1 branch of the dungeon, and saw 1 of its levels.

You collected 99 gold pieces.

Inventory:

Missiles
 d - 7 boomerangs of dispersal (quivered)
Armour
 b - a +0 leather armour (worn)
 g - a +0 cloak (worn)
Jewellery
 f - a ring of willpower (left hand)
Scrolls
 a - a scroll of enchant armour {unknown}
 c - a scroll of blinking
 e - a scroll of identify {unknown}
 h - a scroll of magic mapping {unknown}
 j - a scroll of fog {unknown}
 m - a scroll of noise {unknown}
Potions
 i - a potion of might {unknown}
 k - a potion of heal wounds {unknown}
 l - a potion of cancellation {unknown}


   Skills:
 - Level 2.0 Fighting
 - Level 2.9 Polearms
 - Level 0.8 Throwing
 - Level 0.8 Armour
 - Level 1.7 Dodging
 + Level 1.2 Unarmed Combat
 - Level 2.0 Spellcasting
 - Level 2.6 Translocations


You had 6 spell levels left.
You didn't know any spells.
Your spell library contained the following spells:

 Spells                   Type           Power      Damage    Failure   Level
 Blink                    Tloc           16%        N/A       16%         2
 Lesser Beckoning         Tloc           16%        N/A       16%         2
 Kiss of Death            Conj/Necr      4%         2d5       30%         1
 Necrotise                Necr           4%         1d4       30%         1
 Teleport Other           Tloc           8%         N/A       30%         3
 Vhi's Electric Charge    Tloc/Air       10%        N/A       47%         3
 Vampiric Draining        Necr           1%         2d6       67%         3
 Manifold Assault         Tloc           8%         N/A       71%         4
 Animate Dead             Necr           1%         N/A       97%         4


Dungeon Overview and Level Annotations

Branches:
Dungeon (1/15) Zot: 5187

Altars:
Kikubaaqudgha


Innate Abilities, Weirdness & Mutations

You have a pair of antennae on your head.


Message History

The ball python bites you but does no damage.
The ball python grabs you. The ball python constricts you.
You closely miss the ball python.
The ball python bites you but does no damage.
The ball python constricts you.
You closely miss the ball python. You punch the ball python.
You kill the ball python!
No target in view!
No target in view!
l - an amethyst potion No target in view!
You now have 72 gold pieces (gained 13).
You now have 81 gold pieces (gained 9).
You now have 84 gold pieces (gained 3).
You now have 99 gold pieces (gained 15).
Found a stone staircase leading down.
Found a faded altar of an unknown god.
No target in view!
m - a scroll labelled CIXKES VYTTA No target in view!
Key pressed, stopping explore.
No target in view!
Done exploring.
No target in view!
Done exploring.
No target in view!
Done exploring.
No target in view!
Done exploring.
No target in view!
Search for what [? for help]? @
There is a stone staircase leading down here.
There is a faded altar of an unknown god here.
This altar belongs to (a) Kikubaaqudgha, (b) Sif Muna or (c) Wu Jian, but you can't tell which.
Press the corresponding letter to learn more about a god, or press enter to convert or escape to cancel.
Kikubaaqudgha accepts your prayer! Kikubaaqudgha welcomes you!
You can now bring forth the wretched and dying.
Kikubaaqudgha grants you a gift!
You add the spells Kiss of Death, Necrotise, Vampiric Draining and Animate Dead to your library.
Are you sure you want to abandon this character and quit the game? (Confirm with "yes".)

....###.#######..........#
..........# ##..........#
..........####...........#
.~........##.............#
~~~................#######
.~........######...#
..........# ##.PP.##
..##..###.# #...♣..#
.###### #.# #P♣@P♣.# ##
#.####P♣._♣.# .#
#...#..P♣...#
.##########.....P..##
.......# ##########
.......# .......# .......#
)......#


There were no monsters in sight!

Vanquished Creatures
  2 dart slugs (D:1)
  6 ball pythons (D:1)
  A bat (D:1)
  A giant cockroach (D:1)
  2 hobgoblins (D:1)
  3 jackals (D:1)
  2 quokkas (D:1)
  3 frilled lizards (D:1)
  2 goblins (D:1)
  5 kobolds (D:1)
  2 rats (D:1)
29 creatures vanquished.

Notes
Turn   | Place    | Note
-------+----------+-------------------------------------------
     0 | D:1      | holysushi the Demonspawn Warper began the quest for the
                  | Orb.
     0 | D:1      | Reached XP level 1. HP: 16/16 MP: 3/3
   112 | D:1      | Discovered your monstrous ancestry.
   112 | D:1      | Gained mutation: You have a pair of small antennae on your
                  | head. [demonic ancestry]
   112 | D:1      | Reached XP level 2. HP: 21/22 MP: 5/5
   475 | D:1      | Reached skill level 1 in Unarmed Combat
   488 | D:1      | Gained mutation: You have a pair of antennae on your head.
                  | [demonic ancestry]
   488 | D:1      | Reached XP level 3. HP: 14/27 MP: 6/6
   667 | D:1      | Found a faded altar of an unknown god.
   812 | D:1      | Prayed at the altar of an unknown god.
   812 | D:1      | Became a worshipper of Kikubaaqudgha
   812 | D:1      | Reached * piety under Kikubaaqudgha
   812 | D:1      | Received a gift from Kikubaaqudgha
   814 | D:1      | Quit the game

Illustrated notes

Levels and vault maps discovered:
D:1:      minmay_arrival_five_plusses, layout_rooms,
          ebering_ecumenical_altar_petrified

Skill      XL: |  1  2 |
---------------+-------+-----
Polearms       | 2 |  2.9
Unarmed Combat | 1 |  1.2
Fighting       | |  2.0
Throwing       | |  0.8
Armour         | |  0.8
Dodging        | |  1.7
Spellcasting   | |  2.0
Translocations | |  2.6

Action                     || total
---------------------------++-------
  Melee: Spear             ||    29
         Unarmed           ||   120
         Punch             ||     1
 Armour: Leather armour    ||    50
  Dodge: Dodged            ||    90

Table legend: (Time is in decaauts)
 A = Elapsed time spent in this place.
 B = Non-inter-level travel time spent in this place.
 C = Inter-level travel time spent in this place.
 D = Time resting spent in this place.
 E = Time spent auto-exploring this place.
 F = Levels seen in this place.
 G = Mean time per level.
                   A        B        C        D        E       F      G
               +--------+--------+--------+--------+--------+-----+--------+
         Total |    812 |    770 |     42 |    173 |    291 |   1 |  812.0 |
       Dungeon |    812 |    770 |     42 |    173 |    291 |   1 |  812.0 |
               +--------+--------+--------+--------+--------+-----+--------+

Top non-repeatable levels by time:
     D:1: 812 daAuts
